 Dungeon Crawl Stone Soup version 0.19-a0-659-g8260ecf (webtiles) character file.

6941 st0uf the Cleaver (level 11, -5/85 HPs)
             Began as a Formicid Fighter on June 15, 2016.
             Was a Believer of Uskayaw.
             Slain by an ogre
             ... wielding a +0 giant club
              (10 damage)
             ... on level 1 of the Orcish Mines.
             The game lasted 00:42:01 (11429 turns).

st0uf the Cleaver (Formicid Fighter)               Turns: 11429, Time: 00:42:02

Health: -5/85      AC: 11    Str: 24    XL:     11   Next: 28%
Magic:  12/12      EV: 13    Int:  8    God:    Uskayaw [**....]
Gold:   582        SH:  5    Dex: 13    Spells: 0 memorised, 10 levels left

rFire  . . .     SeeInvis +     a - +0 war axe
rCold  . . .     Gourm    .     b - +0 scale mail
rNeg   . . .     Faith    .     o - +0 buckler
rPois  .         Spirit   .     (helmet unavailable)
rElec  .         Dismiss  .     (no cloak)
rCorr  .         Reflect  .     j - +1 pair of gloves
SustAt .         Harm     .     (no boots)
MR     +....                    (no amulet)
Stlth  ..........               J - +3 ring of strength
                                X - +4 ring of slaying

@: somewhat resistant to hostile enchantments, extremely unstealthy
A: permanent stasis, dig shafts and tunnels, four strong arms, antennae 3, icy
blue scales 1
a: Dig, Shaft Self, Stomp, Line Pass, Renounce Religion


You were on level 1 of the Orcish Mines.
You worshipped Uskayaw.
Uskayaw was pleased with you.
You were hungry.

You visited 3 branches of the dungeon, and saw 11 of its levels.

You collected 621 gold pieces.
You spent 39 gold pieces at shops.

Inventory:

Hand Weapons
 a - a +0 war axe (weapon)
 E - the +1 spear "Teloc" {flame, rElec rF- MR+ Str+5 Dex-3}
   (You found it on level 4 of the Dungeon)

   It has been specially enchanted to burn those struck by it, causing extra
   injury to most foes and up to half again as much damage against particularly
   susceptible opponents.
   It affects your strength (+5).
   It affects your dexterity (-3).
   It makes you vulnerable to fire.
   It insulates you from electricity.
   It affects your resistance to hostile enchantments.
 L - a +0 greatsling
Missiles
 g - 280 stones (quivered)
 k - 115 sling bullets
Armour
 b - a +0 scale mail (worn)
 c - a +0 shield
 j - a +1 pair of gloves (worn)
 o - a +0 buckler (worn)
 O - a +4 ring mail
Jewellery
 r - an uncursed ring of fire
 y - a +2 ring of evasion
 J - a +3 ring of strength (right hand)
 K - an uncursed amulet of dismissal
 X - a +4 ring of slaying (left hand)
 Z - an uncursed ring of positive energy
Wands
 M - a wand of random effects (29/48)
 Q - a wand of random effects (16/48)
 W - a wand of digging (10/24)
Scrolls
 e - 2 scrolls of fear
 h - 11 scrolls of identify
 i - 4 scrolls of enchant armour
 l - a scroll of fog {unknown}
 m - 2 scrolls of noise {unknown}
 p - a scroll of blinking {unknown}
 t - 5 scrolls of recharging
 u - a scroll of amnesia {unknown}
 A - 2 scrolls of magic mapping {unknown}
 B - 2 scrolls of random uselessness {unknown}
 D - a scroll of immolation {unknown}
 H - a scroll of enchant weapon {unknown}
 I - a scroll of teleportation {unknown}
 V - a scroll of remove curse
Potions
 d - 2 potions of might
 n - 4 potions of lignification
 q - a potion of brilliance
 s - 2 potions of heal wounds {unknown}
 v - 2 potions of invisibility
 w - a potion of ambrosia
 z - a potion of agility {unknown}
 C - a potion of flight
 G - a potion of cancellation
 N - a potion of haste {unknown}
 P - 3 potions of curing
 R - a potion of degeneration {unknown}
 Y - a potion of resistance {unknown}
Comestibles
 f - 6 bread rations
 x - 2 royal jellies
 F - 3 meat rations
 S - a beef jerky
 T - 14 fruits
 U - 6 slices of pizza


   Skills:
 + Level 7.7 Fighting
 + Level 11.0 Axes
 * Level 1.3 Slings
 + Level 8.1 Armour
 + Level 5.8 Dodging
 + Level 6.9 Shields
 * Level 1.7 Invocations


You had 10 spell levels left.
You didn't know any spells.

Dungeon Overview and Level Annotations

Branches:
Dungeon (9/15)             Temple (1/1) D:7            Lair (0/6) D:9
    Orc (1/2) D:9

Altars:
Ashenzari
Cheibriados
Dithmenos
Elyvilon
Fedhas
Gozag
Hepliaklqana
Kikubaaqudgha
Makhleb
Nemelex Xobeh
Okawaru
Pakellas
Qazlal
Ru
Sif Muna
Trog
Uskayaw
Vehumet
Xom
Yredelemnul
Zin
The Shining One

Shops:
D:4 *   D:7 (   D:9 *

Annotations:
D:8 exclusion: 2 doors


Innate Abilities, Weirdness & Mutations

You are under a permanent stasis effect.
You can dig through walls and to a lower floor.
Your four strong arms can wield two-handed weapons with a shield.
You have a pair of large antennae on your head. (SInv)
You are partially covered in icy blue scales. (AC +1)


Message History

You can now pass through a line of other dancers.
You slash the two-headed ogre!
The two-headed ogre is almost dead.
You slash the ogre!
The ogre is severely wounded.
You block the ogre's attack.
The two-headed ogre hits you with a giant spiked club!
* * * LOW HITPOINT WARNING * * *
The two-headed ogre hits you with a giant club!
* * * LOW HITPOINT WARNING * * *
The orc wizard gestures at you while chanting.
The magic dart hits you!
* * * LOW HITPOINT WARNING * * *
Unknown command.
You hit the two-headed ogre.
You kill the two-headed ogre!
You barely miss the ogre. You hit the ogre.
The ogre is almost dead.
The ogre hits you with a giant club!
You die...

#...........
###...........
##.............
#.......#.ooo.#
#......# ....#
..##..<.##.o..##
#..........o.....
##.##.......##..
##...@O.#
###O)..# #...##
####. #. .. ..
...


You could see an orc knight, an orc warrior, 2 ogres, an orc wizard and 2 orcs.

Vanquished Creatures
  The ghost of Gruesome the Carver, a novice FoFi of Cheibriados (D:9)
  The ghost of Gruesome the Carver, a novice FoFi of Cheibriados (D:7)
  The ghost of Aquadorian the Ruffian, an amateur DrMo (D:4)
  A two-headed ogre (Orc:1)
  2 yaks (D:8)
  A wyvern (D:8)
  A hippogriff (D:7)
  3 wargs (D:9)
  2 ice beasts (D:8)
  2 sky beasts
  2 phantoms (D:5)
  2 eyes of draining
  3 orc warriors
  4 ogres
  4 centaurs
  3 big kobolds (D:8)
  3 giant frogs
  A gnoll sergeant (D:8)
  A water moccasin zombie (D:6)
  4 scorpions
  5 wights (D:8)
  4 howler monkeys
  4 crimson imps
  A centaur zombie (D:5)
  A wasp zombie (D:9)
  A quasit (D:8)
  2 giant frog zombies (D:5)
  4 hounds
  6 orc priests
  A jelly (D:9)
  2 centaur skeletons
  3 iguanas
  Ijyb (D:2)
  11 orc wizards
  7 worker ants
  2 sheep (D:8)
  2 hound zombies
  2 hound skeletons
  A howler monkey zombie (D:8)
  A worker ant zombie (D:5)
  A howler monkey skeleton (D:7)
  7 gnolls
  17 adders
  An ooze (D:4)
  An adder skeleton (D:8)
  A worm (D:2)
  3 dart slugs
  4 giant geckos
  48 orcs
  5 giant cockroaches
  7 goblins
  5 hobgoblins
  18 jackals
  4 quokkas
  5 ball pythons
  4 bats
  8 giant newts
  13 kobolds
  2 quokka skeletons
  4 rats
261 creatures vanquished.

Vanquished Creatures (others)
  A plant (D:8)
1 creature vanquished.

Grand Total: 262 creatures vanquished

Notes
Turn   | Place    | Note
--------------------------------------------------------------
     0 | D:1      | st0uf the Formicid Fighter began the quest for the Orb.
     0 | D:1      | Reached XP level 1. HP: 18/18 MP: 1/1
   118 | D:1      | Reached XP level 2. HP: 24/24 MP: 2/2
   518 | D:1      | Reached XP level 3. HP: 29/29 MP: 3/3
   715 | D:2      | Found a basalt altar of Yredelemnul.
   787 | D:2      | Found a white marble altar of Elyvilon.
  1011 | D:2      | Noticed Ijyb
  1020 | D:2      | Killed Ijyb
  1020 | D:2      | Reached XP level 4. HP: 32/35 MP: 4/4
  1756 | D:3      | Reached XP level 5. HP: 41/41 MP: 5/5
  1761 | D:3      | Reached skill level 3 in Axes
  1841 | D:3      | Reached skill level 1 in Dodging
  2193 | D:3      | Found a shattered altar of Ashenzari.
  2286 | D:3      | Reached XP level 6. HP: 40/48 MP: 6/6
  2418 | D:4      | Found Foilmya's Fabulous Fripperies.
  2423 | D:4      | Bought a potion of flight for 39 gold pieces
  2464 | D:4      | Found a blossoming altar of Fedhas.
  2610 | D:4      | Got a twisted spear
  2615 | D:4      | Identified the cursed +1 spear "Teloc" {flame, rElec rF- MR+ Str+5 Dex-3} (You found it on level 4 of the Dungeon)
  2646 | D:4      | Noticed Aquadorian's ghost (amateur DrMo)
  2676 | D:4      | HP: 1/48 [Aquadorian's ghost (11)]
  3103 | D:4      | Reached skill level 5 in Shields
  3139 | D:4      | Found a shadowy altar of Dithmenos.
  3294 | D:5      | Entered Level 5 of the Dungeon
  3300 | D:5      | Reached skill level 4 in Axes
  3300 | D:5      | Reached skill level 5 in Armour
  3300 | D:5      | Reached XP level 7. HP: 52/54 MP: 7/7
  3504 | D:4      | Killed Aquadorian's ghost
  3928 | D:5      | Reached XP level 8. HP: 37/61 MP: 8/8
  3938 | D:5      | Reached skill level 5 in Axes
  4218 | D:5      | Reached skill level 5 in Fighting
  4464 | D:5      | Reached skill level 6 in Axes
  4645 | D:5      | Found a bloodstained altar of Trog.
  4669 | D:5      | Reached XP level 9. HP: 61/68 MP: 0/9
  4904 | D:5      | Gained mutation: You are partially covered in icy blue scales. (AC +1) [potion of beneficial mutation]
  5647 | D:6      | Reached skill level 7 in Axes
  6274 | D:7      | Noticed Gruesome's ghost (novice FoFi)
  6685 | D:7      | Found a glowing silver altar of Zin.
  6700 | D:7      | Found a staircase to the Ecumenical Temple.
  6722 | Temple   | Entered the Ecumenical Temple
  7013 | D:7      | Found a glowing golden altar of the Shining One.
  7070 | D:7      | Reached skill level 8 in Axes
  7400 | D:8      | Found an ancient bone altar of Kikubaaqudgha.
  7442 | D:8      | Reached XP level 10. HP: 51/77 MP: 10/10
  8129 | D:8      | Reached skill level 9 in Axes
  8503 | D:8      | Reached skill level 5 in Dodging
  8880 | D:8      | Found a deep blue altar of Sif Muna.
  8885 | D:8      | Found a sacrificial altar of Ru.
  8891 | D:8      | Found a snail-covered altar of Cheibriados.
  8948 | D:8      | Found a sparkling altar of Nemelex Xobeh.
  9001 | D:8      | Found an iron altar of Okawaru.
  9336 | D:7      | Killed Gruesome's ghost
  9336 | D:7      | Reached skill level 10 in Axes
  9610 | D:7      | Found Katieb's Antique Weapon Emporium.
 10017 | D:9      | Found Zierph's General Store.
 10040 | D:9      | HP: 2/79 [orc wizard/dagger of electrocution (17)]
 10371 | D:9      | Reached XP level 11. HP: 83/84 MP: 11/11
 10408 | D:9      | Found a staircase to the Lair.
 10698 | D:9      | Found a hide-covered altar of Uskayaw.
 10715 | D:9      | Became a worshipper of Uskayaw the Reveler
 10737 | D:9      | Found a staircase to the Orcish Mines.
 10746 | D:9      | Noticed Gruesome's ghost (novice FoFi)
 10754 | D:9      | Reached * piety under Uskayaw
 10761 | D:9      | Reached ** piety under Uskayaw
 10770 | D:9      | Reached *** piety under Uskayaw
 10774 | D:9      | Reached **** piety under Uskayaw
 10776 | D:9      | Killed Gruesome's ghost
 10776 | D:9      | Reached skill level 1 in Slings
 10776 | D:9      | Reached skill level 1 in Invocations
 11254 | D:9      | Reached skill level 11 in Axes
 11420 | Orc:1    | Entered Level 1 of the Orcish Mines
 11426 | Orc:1    | Noticed an orc knight
 11429 | Orc:1    | Slain by an ogre

Vault maps used:
D:1:      mrwooster_arrival_statue, hangedman_decor_riveting
D:2:      kennysheep_ying_yang, first_bread, uniq_iyjb
D:3:      cheibrodos_ashenzari_chains, grunt_ministairs_13
D:4:      fedhas_altar_1, grunt_dithmenos_smoke, st_stairs_9,
          nicolae_alphabet_shops
D:5:      trog_eyes_of_draining, grunt_ministairs_12
D:7:      lemuel_doored_altar, marbit_many_paths, minmay_temple_entry_overgrown,
          serial_shops, shop
D:8:      okawaru_trees_1, kiku_gazebo_garden_becter,
          nemelex_xobeh_ov_fountains_minmay, minitemple, hangedman_ranch
D:9:      eat_drink_and_be_merry_uskayaw, erik_lair_orcish_takeover,
          serial_shops, shop
Temple:   temple_island_7
Orc:1:    cheibrodos_orc_bank, basic_altar, uniq_harold

Skill      XL: |  1  2  3  4  5  6  7  8  9 10 11 |
---------------+----------------------------------+-----
Shields        | 4 5 6 |  6.9
Armour         | 4 5 6 7 8 |  8.1
Axes           | 3 4 6 8 10 11 | 11.0
Dodging        | 1 2 3 4 5 |  5.8
Fighting       | 4 5 6 7 |  7.7
Slings         | 1 |  1.3
Invocations    | 1 |  1.7

Action                   |  1- 3 |  4- 6 |  7- 9 | 10-12 || total
-------------------------+-------+-------+-------+-------++-------
Melee: War axe           |    91 |   187 |   442 |   444 ||  1164
 Fire: Greatsling        |       |       |     2 |       ||     2
 Abil: Dig               |       |       |     9 |     3 ||    12
  Use: Potion            |     1 |       |     1 |       ||     2
       Scroll            |       |     5 |     6 |     3 ||    14
 Stab: Paralysed         |       |       |       |     1 ||     1
  Eat: Chunk             |       |     8 |    13 |    15 ||    36
Armor: Scale mail        |    28 |    93 |   130 |   101 ||   352
Dodge: Dodged            |    32 |   126 |   238 |   210 ||   606
Block: Shield            |    50 |     9 |       |       ||    59
       Buckler           |       |    51 |   101 |    87 ||   239
